 Dungeon Sprint DCSS version 0.19.1 (webtiles) character file.

633 dvd the Grappler (level 7, -10/117 HPs)
             Began as a Troll Berserker on Dec 14, 2016.
             Was a Priest of Trog.
             Mangled by a sixfirhy (14 damage)
             ... summoned by a kobold demonologist
             ... while paralysed by a floating eye
             ... in the Dungeon (Sprint I: "Red Sonja").
             The game lasted 00:02:01 (324 turns).

dvd the Grappler (Troll Berserker)                   Turns: 324, Time: 00:02:02

Health: -10/117    AC:  5    Str: 31    XL:     7   Next: 24%
Magic:  6/6        EV:  1    Int:  3    God:    Trog [***...]
Gold:   422        SH:  0    Dex: 11    Spells: 0 memorised, 6 levels left

rFire  . . .     SeeInvis .       - Unarmed
rCold  . . .     Gourm    +     a - +0 animal skin
rNeg   . . .     Faith    .     (no shield)
rPois  .         Spirit   .     (helmet restricted)
rElec  .         Reflect  .     (no cloak)
rCorr  .         Harm     .     (gloves unavailable)
MR     .....     NoTele   +     (boots unavailable)
Stlth  ..........               (no amulet)
                                (no ring)
                                (no ring)

@: paralysed, berserking
A: unfitting armour, claws 3, fast metabolism 3, gourmand, regeneration 1,
shaggy fur 1, tough skin 2
a: Berserk, Trog's Hand, Burn Spellbooks, Renounce Religion


You were in the Dungeon.
You worshipped Trog.
Trog was most pleased with you.
You were not hungry.

You visited 1 branch You collected 422 gold pieces.

Inventory:

Armour
 a - a +0 animal skin (worn)
Scrolls
 h - a scroll of blinking
 i - a scroll of fear {unknown}
Potions
 c - a potion of curing
 d - a potion of heal wounds
 e - a potion of haste
 f - 2 potions of magic
 g - a potion of berserk rage
Comestibles
 b - 2 bread rations


   Skills:
 + Level 7.4 Fighting
 + Level 7.8 Dodging
 + Level 1.1 Stealth
 + Level 10.3 Unarmed Combat


You had 6 spell levels left.
You didn't know any spells.

Dungeon Overview and Level Annotations

Branches:
Dungeon (1/1)

Altars:
Cheibriados
Dithmenos
Elyvilon
Fedhas
Gozag
Hepliaklqana
Kikubaaqudgha
Makhleb
Nemelex Xobeh
Okawaru
Qazlal
Ru
Sif Muna
Trog
Uskayaw
Vehumet
Xom
Yredelemnul
Zin
The Shining One
Jiyva
Lugonu

Shops:
D [


Innate Abilities, Weirdness & Mutations

You are too large for most types of armour.
You have claws for hands.
Your metabolism is lightning-fast.
You like to eat raw meat.
Your natural rate of healing is unusually fast.
You are covered in fur. (AC +1)
You have very tough skin. (AC +2)


Message History

The sun demon hits you!!
You are engulfed in flames!
Unknown command.
A red film seems to cover your vision as you go berserk!
You feel yourself moving faster!
You feel mighty!
You feel a lot more hungry.
The floating eye gazes piercingly through you!
You suddenly lose the ability to move!
The kobold demonologist gestures wildly while chanting.
The sun demon completely misses you.
The iron imp hits you but does no damage.
The kobold demonologist gestures wildly while chanting.
The sun demon hits you!
You are engulfed in flames!
* * * LOW HITPOINT WARNING * * *
The iron imp hits you but does no damage.
The crimson imp shouts, "Fly, thou erky milk-livered tinkerer!"
The sixfirhy hits you!
* * * LOW HITPOINT WARNING * * *
The sixfirhy shocks you!
* * * LOW HITPOINT WARNING * * *
The sixfirhy hits you!
You die...

####################
'..#..'..#__#..355K#
#..').#..'..'..#@G5#
##'#####'#__####K35+
#..#...#.#### #####
####..##[#
___##'#..+
∩...'..._#
.__##_.#'#
___###+#.# #### ###


You could see a sun demon, 2 kobold demonologists, a sixfirhy, a floating eye,
an iron imp, a quasit, a crimson imp and a shadow imp.

Vanquished Creatures
  A slime creature (D)
  Sigmund (D)
  A yak (D)
  An ogre (D)
  A jelly (D)
  Ijyb (D)
6 creatures vanquished.

Vanquished Creatures (others)
  A gargoyle (D)
1 creature vanquished.

Grand Total: 7 creatures vanquished

Notes
Turn   | Place    | Note
-------+----------+-------------------------------------------
     0 | D        | dvd the Troll Berserker began the quest for the Orb.
     0 | D        | Reached XP level 1. HP: 22/22 MP: 0/0
     1 | D        | Noticed Ijyb
    13 | D        | Killed Ijyb
    13 | D        | Reached skill level 4 in Unarmed Combat
    13 | D        | Reached XP level 2. HP: 26/31 MP: 1/1
    26 | D        | Noticed an ogre
    42 | D        | Killed an ogre
    42 | D        | Reached skill level 5 in Dodging
    42 | D        | Reached skill level 6 in Unarmed Combat
    42 | D        | Reached XP level 3. HP: 8/41 MP: 2/2
    42 | D        | Reached XP level 4. HP: 10/49 MP: 3/3
   124 | D        | Noticed Sigmund
   133 | D        | Killed Sigmund
   133 | D        | Reached ** piety under Trog
   133 | D        | Reached skill level 8 in Unarmed Combat
   133 | D        | Reached XP level 5. HP: 59/59 MP: 4/4
   186 | D        | Found a deep blue altar of Sif Muna.
   188 | D        | Found a radiant altar of Vehumet.
   190 | D        | Reached XP level 6. HP: 68/68 MP: 5/5
   209 | D        | Found Xurof's Armour Emporium.
   209 | D        | Found an ancient bone altar of Kikubaaqudgha.
   209 | D        | Found a hazy altar of Hepliaklqana.
   209 | D        | Found a hide-covered altar of Uskayaw.
   209 | D        | Found a basalt altar of Yredelemnul.
   209 | D        | Found an opulent altar of Gozag.
   209 | D        | Found a snail-covered altar of Cheibriados.
   209 | D        | Found a sacrificial altar of Ru.
   209 | D        | Found a shadowy altar of Dithmenos.
   209 | D        | Noticed a yak
   210 | D        | Found a stormy altar of Qazlal.
   210 | D        | Found a blossoming altar of Fedhas.
   210 | D        | Found a bloodstained altar of Trog.
   210 | D        | Found an iron altar of Okawaru.
   210 | D        | Found a glowing golden altar of the Shining One.
   210 | D        | Found a glowing silver altar of Zin.
   210 | D        | Found a white marble altar of Elyvilon.
   220 | D        | Killed a yak
   220 | D        | Reached skill level 9 in Unarmed Combat
   221 | D        | Found a sparkling altar of Nemelex Xobeh.
   238 | D        | Found a burning altar of Makhleb.
   238 | D        | Found a viscous altar of Jiyva.
   238 | D        | Found a shimmering altar of Xom.
   238 | D        | Found a corrupted altar of Lugonu.
   238 | D        | Noticed a slime creature
   245 | D        | Killed a slime creature
   245 | D        | Reached *** piety under Trog
   245 | D        | Reached skill level 1 in Stealth
   245 | D        | Reached skill level 10 in Unarmed Combat
   245 | D        | Reached XP level 7. HP: 78/78 MP: 6/6
   251 | D        | Killed a gargoyle
   319 | D        | Noticed a kobold demonologist
   320 | D        | Noticed a kobold demonologist
   321 | D        | Noticed a sun demon
   322 | D        | Paralysed by a floating eye for 4 turns
   323 | D        | Noticed a sixfirhy
   324 | D        | HP: 4/117 [sixfirhy[a kobold demonologist] (10)]
   324 | D        | Mangled by a sixfirhy

Skill      XL: |  1  2  3  4  5  6 |
---------------+-------------------+-----
Fighting       | 3 4 6 7 |  7.4
Dodging        | 3 5 6 7 |  7.8
Unarmed Combat | 4 6 8 10 | 10.3
Stealth        | 1 |  1.1

Action                   |  1- 3 |  4- 6 |  7- 9 || total
-------------------------+-------+-------+-------++-------
Melee: Unarmed           |    18 |    23 |       ||    41
       Punch             |       |     1 |       ||     1
Invok: Berserk           |     1 |     2 |     1 ||     4
 Stab: Sleeping          |       |     1 |       ||     1
  Eat: Chunk             |       |     4 |       ||     4
Armor: Animal skin       |     4 |       |     2 ||     6
Dodge: Dodged            |     4 |     9 |     2 ||    15
